 Dungeon Crawl Stone Soup version 0.20.1-1-g8b1a95d66d (webtiles) character file.

20832 melya010386 the Cleaver (level 12, -7/110 HPs)
             Began as a Minotaur Fighter on Nov 19, 2017.
             Was a High Priest of Okawaru.
             Mangled by an orc warrior
             ... wielding a +0 trident
              (16 damage)
             ... on level 2 of the Orcish Mines.
             The game lasted 00:45:26 (12621 turns).

melya010386 the Cleaver (Minotaur Fighter)         Turns: 12621, Time: 00:45:41

Health: -7/110     AC: 13    Str: 29    XL:     12   Next: 48%
Magic:  15/15      EV: 15    Int:  5    God:    Okawaru [*****.]
Gold:   1117       SH:  0    Dex: 18    Spells: 11/11 levels left

rFire    . . .     SeeInvis +   E - +3 hand axe (chop)
rCold    + . .     Gourm    .   J - +0 shield {rC+}
rNeg     + . .     Faith    .   b - +0 scale mail
rPois    .         Spirit   .   (helmet unavailable)
rElec    .         Reflect  .   K - +1 cloak
rCorr    .         Harm     .   (no gloves)
MR       .....                  q - +0 pair of boots
Stlth    ..........             (no amulet)
Regen    0.3/turn               D - ring "Pupor" {Wiz *Drain rN+ Dex+3 SInv}
MPRegen  0.2/turn               l - +4 ring of dexterity

@: confused, finesse
A: retaliatory headbutt, horns 3, strong 2
a: Heroism, Finesse, Renounce Religion


You were on level 2 of the Orcish Mines.
You worshipped Okawaru.
Okawaru was extremely pleased with you.
You were hungry.

You visited 2 branches of the dungeon, and saw 14 of its levels.
You also visited: Ossuary.

You collected 1117 gold pieces.

Inventory:

Hand Weapons
 E - a +3 hand axe of chopping (weapon)
 H - the +7 trident of Dominance {pain, rElec rF- Int+7}
   (You found it on level 9 of the Dungeon)

   In the hands of one skilled in necromantic magic, it inflicts extra damage on
   living creatures.
   It affects your intelligence (+7).
   It makes you vulnerable to fire.
   It insulates you from electricity.
Missiles
 r - 3 steel tomahawks (quivered)
Armour
 b - a +0 scale mail (worn)
 q - a +0 pair of boots (worn)
 y - a +2 hat
 J - a +0 shield of cold resistance (worn)
 K - a +1 cloak (worn)
Jewellery
 l - a +4 ring of dexterity (right hand)
 D - the ring "Pupor" (left hand) {Wiz *Drain rN+ Dex+3 SInv}
   (You found it on level 9 of the Dungeon)

   [ring of wizardry]

   It improves your spell success rate.
   It affects your dexterity (+3).
   It protects you from negative energy.
   It lets you see invisible.
   It causes draining when unequipped.
Wands
 a - a wand of flame (4/48)
 c - a wand of iceblast (11/15)
 w - a wand of iceblast (3/15)
 C - a wand of scattershot (4/9)
 G - a wand of clouds (6/9)
 I - a wand of confusion (22/48)
 M - a wand of polymorph (4/24)
 O - a wand of confusion (23/48)
 Q - a wand of flame (32/48)
Scrolls
 h - 5 scrolls of identify
 i - 4 scrolls of enchant weapon
 m - 3 scrolls of enchant armour
 n - a scroll of fog
 u - 7 scrolls of remove curse
 v - a scroll of blinking {unknown}
 F - 2 scrolls of amnesia {unknown}
 L - a scroll of vulnerability {unknown}
Potions
 d - 2 potions of ambrosia
 e - 2 potions of heal wounds
 g - a potion of curing
 j - a potion of brilliance {unknown}
 o - a potion of experience {unknown}
 p - 3 potions of cancellation {unknown}
 t - 2 potions of mutation {unknown}
 x - 5 potions of flight
 z - a potion of agility {unknown}
 A - a potion of might
 B - a potion of resistance {unknown}
Comestibles
 f - 12 bread rations
 k - 6 meat rations
 s - 4 royal jellies


   Skills:
 + Level 11.1 Fighting
 * Level 12.1 Axes
 + Level 11.5 Armour
 + Level 8.0 Dodging
 + Level 11.4 Shields
 + Level 6.1 Invocations


You had 11 spell levels left.
You didn't know any spells.

Dungeon Overview and Level Annotations

Branches:
Dungeon (12/15)            Temple (0/1) D:6            Lair (0/6) D:11
    Orc (2/2) D:9
    Elf: Orc:2

Altars:
Ashenzari
Cheibriados
Elyvilon
Gozag
Makhleb
Okawaru
Trog
Uskayaw
Xom

Shops:
D:10 =   Orc:1 !   Orc:2 [


Innate Abilities, Weirdness & Mutations

You reflexively headbutt those who attack you in melee.
You have a pair of large horns on your head.
Your muscles are very strong. (Str +4)


Message History

The orc priest hits you but does no damage.
The orc knight roars a battlecry!
The orcs go into a battle-frenzy!
The smoke demon gestures at you. Beogh smites you!
* * * LOW HITPOINT WARNING * * *
The orc knight misses you.
The orc warrior hits you but does no damage.
You hear a shout!
An orc high priest comes into view. It is wielding a glaive.
You barely miss the orc knight. Your headbutt misses the orc knight.
The orc knight is heavily wounded.
You closely miss the orc priest. You closely miss the orc sorcerer.
You bump into the stone wall.
The orc sorcerer mumbles some strange words.
The orc sorcerer glows brightly for a moment.
The orc sorcerer hits you but does no damage.
The orc high priest moves out of view.
The orc warrior hits you from afar with a trident!
You die...

#######.########
######.######
#...........###
...####.####...##
#.######..##
#.#...###..#
#.#.....##.#
#.#....oo#o# ...
#4oo@# ... ##4o##


#oo .o3o .##.. # ..# .∩# ## You could see 2 orc knights, 2 orc high priests, an
ice devil, a smoke demon, a chaos spawn, an orc sorcerer, an orc warrior, 2 orc
priests and 2 orc wizards.

Vanquished Creatures
  The ghost of ShornTheSheep the Fighter, a journeyman GrBe of Trog (D:10)
  Fannar (D:11)
  A centaur warrior (D:12)
  3 two-headed ogres
  Sonja (D:11)
  An orc sorcerer (Orc:2)
  A deep elf mage (D:12)
  An ugly thing (D:12)
  A manticore (D:12)
  Maurice (D:11)
  2 kobold demonologists (D:11)
  2 trolls
  A hornet (D:8)
  4 hippogriffs
  Sigmund (D:6)
  A spriggan (D:9)
  A wyvern (D:12)
  8 yaks
  A vampire (D:11)
  2 wraiths (Ossuary)
  2 wargs
  2 hungry ghosts (D:12)
  The ghost of Dommiel19 the Shield-Bearer, an amateur GrFi (D:5)
  3 ice beasts
  3 sky beasts
  4 phantoms
  15 orc warriors
  10 ogres
  A black bear (D:9)
  16 centaurs
  A crocodile (D:12)
  8 big kobolds
  9 bullfrogs
  A wyvern zombie (D:11)
  4 gnoll sergeants
  A wyvern skeleton (D:7)
  A water moccasin zombie (D:8)
  A scorpion (D:7)
  14 killer bees
  7 wights
  3 howler monkeys
  4 bullfrog zombies
  2 centaur zombies (D:9)
  A quasit (D:9)
  6 crimson imps
  3 jellies
  A bullfrog skeleton (D:8)
  2 centaur skeletons
  Crazy Yiuf (D:5)
  7 orc priests
  3 hounds
  Terence (D:3)
  A gnoll shaman (D:8)
  7 iguanas
  21 orc wizards
  8 worker ants
  A killer bee zombie (D:8)
  A hound zombie (D:11)
  A hound skeleton (D:10)
  A howler monkey zombie (D:5)
  3 worker ant zombies
  Robin (D:4)
  15 gnolls
  11 adders
  4 shadow imps
  5 oozes
  3 adder skeletons
  2 adder zombies (Ossuary)
  2 worms
  A dart slug (D:1)
  6 leopard geckos
  61 orcs
  7 bats
  8 giant cockroaches
  22 goblins
  4 hobgoblins
  14 jackals
  5 quokkas
  A ball python (D:1)
  2 ball python skeletons (Ossuary)
  5 frilled lizards
  2 hobgoblin zombies (Ossuary)
  20 kobolds
  A leopard gecko skeleton (D:9)
  A quokka skeleton (D:8)
  6 rats
426 creatures vanquished.

Notes
Turn   | Place    | Note
-------+----------+-------------------------------------------
     0 | D:1      | melya010386 the Minotaur Fighter began the quest for the Orb.
     0 | D:1      | Reached XP level 1. HP: 19/19 MP: 0/0
    91 | D:1      | Reached XP level 2. HP: 27/27 MP: 1/1
   238 | D:1      | Reached skill level 3 in Axes
   299 | D:1      | Reached skill level 1 in Dodging
   519 | D:2      | Reached XP level 3. HP: 33/33 MP: 2/2
   559 | D:2      | Found a bloodstained altar of Trog.
   956 | D:2      | Reached XP level 4. HP: 35/40 MP: 3/3
  1290 | D:3      | Found an opulent altar of Gozag.
  1331 | D:3      | Noticed Terence
  1344 | D:3      | Killed Terence
  1344 | D:3      | Reached skill level 4 in Axes
  1372 | D:3      | Found a shimmering altar of Xom.
  1603 | D:3      | Found a snail-covered altar of Cheibriados.
  1638 | D:4      | Reached XP level 5. HP: 28/46 MP: 4/4
  1860 | D:4      | Noticed Robin
  1869 | D:4      | Killed Robin
  1936 | D:4      | Noticed a phantom
  2501 | D:4      | Killed a phantom
  2501 | D:4      | Reached skill level 5 in Axes
  2501 | D:4      | Reached XP level 6. HP: 35/53 MP: 5/5
  2931 | D:4      | Reached skill level 5 in Shields
  3209 | D:5      | Entered Level 5 of the Dungeon
  3214 | D:5      | Noticed Dommiel19's ghost (amateur GrFi)
  3223 | D:5      | Killed Dommiel19's ghost
  3223 | D:5      | Reached XP level 7. HP: 17/60 MP: 6/6
  3485 | D:5      | Reached skill level 5 in Fighting
  3485 | D:5      | Reached skill level 5 in Armour
  3690 | D:5      | Found a runed door.
  3766 | D:5      | Noticed Crazy Yiuf
  3779 | D:5      | Killed Crazy Yiuf
  4080 | D:5      | Found an opulent altar of Gozag.
  4106 | D:5      | Reached skill level 6 in Axes
  4294 | D:5      | Found a hide-covered altar of Uskayaw.
  4294 | D:5      | Found an iron altar of Okawaru.
  4339 | D:5      | Became a worshipper of Warmaster Okawaru
  4621 | D:6      | Reached skill level 1 in Invocations
  4626 | D:6      | Found a shattered altar of Ashenzari.
  4649 | D:6      | Reached XP level 8. HP: 56/70 MP: 7/7
  4764 | D:6      | Found a staircase to the Ecumenical Temple.
  5095 | D:6      | Reached * piety under Okawaru
  5381 | D:6      | Found a white marble altar of Elyvilon.
  5455 | D:6      | Noticed Sigmund
  5462 | D:6      | Killed Sigmund
  5462 | D:6      | Reached skill level 7 in Axes
  5636 | D:7      | Noticed a hippogriff
  5643 | D:7      | Found a sand-covered staircase.
  5649 | D:7      | Killed a hippogriff
  5653 | Ossuary  | Entered an ossuary
  5725 | Ossuary  | Reached XP level 9. HP: 53/79 MP: 9/9
  5935 | Ossuary  | Reached ** piety under Okawaru
  6403 | D:7      | Reached skill level 5 in Dodging
  6745 | D:7      | Reached skill level 8 in Axes
  7347 | D:8      | Reached *** piety under Okawaru
  7577 | D:8      | Reached XP level 10. HP: 88/88 MP: 11/11
  7829 | D:8      | Found a burning altar of Makhleb.
  8036 | D:9      | Got a crude jade ring
  8038 | D:9      | Identified the ring "Pupor" {Wiz *Drain rN+ Dex+3 SInv} (You found it on level 9 of the Dungeon)
  8159 | D:9      | Gained mutation: Your muscles are strong. (Str +2) [mutagenic meat]
  8342 | D:9      | Got a steaming trident
  8343 | D:9      | Identified the +7 trident of Dominance {pain, rElec rF- Int+7} (You found it on level 9 of the Dungeon)
  8538 | D:9      | Reached **** piety under Okawaru
  8544 | D:9      | Reached skill level 9 in Axes
  8611 | D:9      | Found a staircase to the Orcish Mines.
  8800 | D:10     | Entered Level 10 of the Dungeon
  8962 | D:10     | Found Lethrykko's Jewellery Emporium.
  8988 | D:10     | Noticed ShornTheSheep's ghost (journeyman GrBe)
  9015 | D:10     | Killed ShornTheSheep's ghost
  9015 | D:10     | Reached ***** piety under Okawaru
  9015 | D:10     | Reached skill level 10 in Armour
  9015 | D:10     | Reached XP level 11. HP: 41/97 MP: 11/13
  9414 | D:10     | Reached skill level 10 in Axes
  9569 | D:10     | Noticed a two-headed ogre
  9580 | D:10     | Killed a two-headed ogre
  9751 | D:11     | Found a staircase to the Lair.
  9773 | D:11     | Received a gift from Okawaru
  9773 | D:11     | Reached skill level 10 in Shields
  9942 | D:11     | Found a hide-covered altar of Uskayaw.
 10040 | D:11     | Noticed a sixfirhy
 10043 | D:11     | Reached skill level 10 in Fighting
 10132 | D:11     | Noticed Fannar
 10138 | D:11     | Noticed Maurice
 10161 | D:11     | Killed Fannar
 10169 | D:11     | Killed Maurice
 10211 | D:11     | Noticed Sonja
 10272 | D:11     | Killed Sonja
 10272 | D:11     | Reached skill level 5 in Invocations
 10721 | D:11     | Noticed a two-headed ogre
 10730 | D:11     | Killed a two-headed ogre
 10950 | D:12     | Noticed a centaur warrior
 10960 | D:12     | Killed a centaur warrior
 10960 | D:12     | Reached skill level 11 in Axes
 11278 | D:12     | Noticed a green ugly thing
 11295 | D:12     | Killed a green ugly thing
 11295 | D:12     | Reached XP level 12. HP: 108/108 MP: 15/15
 11309 | D:12     | Gained mutation: You have a pair of large horns on your head. [mutagenic meat]
 11310 | D:12     | Gained mutation: Your muscles are very strong. (Str +4) [mutagenic meat]
 11403 | D:12     | Noticed a two-headed ogre
 11413 | D:12     | Killed a two-headed ogre
 11623 | D:12     | Received a gift from Okawaru
 11626 | D:12     | Got a transparent buckler {god gift}
 11637 | D:12     | Identified the +0 buckler of the Other World {+Inv Int+6 Dex-5} (Okawaru gifted it to you on level 12 of the Dungeon)
 12067 | Orc:1    | Entered Level 1 of the Orcish Mines
 12067 | Orc:1    | Found Maskog's Distillery.
 12367 | Orc:2    | Entered Level 2 of the Orcish Mines
 12539 | Orc:2    | Reached skill level 12 in Axes
 12592 | Orc:2    | Found Otzusac's Armour Emporium.
 12597 | Orc:2    | Noticed an orc high priest
 12619 | Orc:2    | Noticed an orc high priest
 12619 | Orc:2    | HP: 4/110 [smoke demon/divine providence[an orc high priest] (14)]
 12620 | Orc:2    | Noticed an orc high priest
 12621 | Orc:2    | Mangled by an orc warrior

Skill      XL: |  1  2  3  4  5  6  7  8  9 10 11 12 |
---------------+-------------------------------------+-----
Axes           | 3 4 5 6 7 8 9 11 12 | 12.1
Dodging        | 1 2 3 4 5 6 7 8 |  8.0
Shields        | 4 5 6 7 8 9 11 | 11.4
Armour         | 4 5 6 8 10 11 | 11.5
Fighting       | 4 5 7 8 9 10 11 | 11.1
Invocations    | 1 2 3 4 5 6 |  6.1

Action                   |  1- 3 |  4- 6 |  7- 9 | 10-12 || total
-------------------------+-------+-------+-------+-------++-------
Melee: War axe           |   100 |   164 |   317 |       ||   581
       Headbutt          |    11 |    23 |    62 |   191 ||   287
       Hand axe          |       |       |    25 |   594 ||   619
       Trident           |       |       |     8 |    23 ||    31
       Unarmed           |       |       |       |     4 ||     4
Invok: Heroism           |       |       |       |     3 ||     3
       Finesse           |       |       |       |     2 ||     2
Evoke: Wand              |       |       |     2 |       ||     2
  Use: Potion            |       |     5 |     1 |    10 ||    16
       Scroll            |       |     2 |    12 |     4 ||    18
  Eat: Chunk             |       |     7 |     9 |    20 ||    36
       Fruit             |       |     1 |       |       ||     1
       Meat ration       |       |       |     1 |       ||     1
Armor: Scale mail        |    60 |    69 |   119 |   132 ||   380
       Skin              |       |       |    32 |     2 ||    34
Dodge: Dodged            |    43 |    63 |   139 |   297 ||   542
Block: Shield            |    60 |    88 |   233 |   415 ||   796
